cohdb
Replays
Latest Replays
All Replays
Popular Replays
Top Player Replays
Match Explorer
How It Works
Community
CoH3 Stats
Reddit
Sign in to upload your games and track your stats! →
Sign in with Steam
Match 46684209
Unlisted
Match 46684209
Overview
Messages
Build Orders
End
Construct Barracks
Selects Special Operations Battlegroup
Selects M29 Weasel Recon Vehicle
M29 Weasel Recon Vehicle
1⁄4-ton 4x4 Truck
Riflemen Squad
Engineer Squad
Mechanized Support Center
Riflemen Squad
Construct Weapon Support Center
M3 Armored Personnel Carrier
M3 Armored Personnel Carrier
Grenade Package
Selects Raiding Flares
Selects SSF Commando Squad
SSF Commando Squad
AI Takeover
victor_hartman
shor
Fate
The Governor
MG42
elfen
Restzeit
Hezbollah Z
0
0
Comments
sign in to comment!
No comments posted yet!